Map: Frozen Temple

Players

LiquidTLO (TLO)

  • Race: Zerg Zerg
  • League: Master

Rail - Winner!

  • Race: Protoss Protoss

Event: DreamHack ZOWIE Open Valencia 2016

VOD

Have the link to the VOD?

Description

Time

  • Played on: July 15, 2016, 3:29 a.m.
  • Length: 9:47

All games in this series

Show
View Real Time Build Order
Export as new Build Order

LiquidTLO Zerg 

Build Orders: Hatch First, Lurkers 

Get SALT Encoding   

  12  0:00  Drone  
  13  0:12  Overlord  
  13  0:18  Drone  
  14  0:31  Drone x2  
  16  0:44  Drone  
  17  0:52  Hatchery  
  17  0:55  Drone  
  17  0:58  Drone  
  17  1:02  Extractor  
  17  1:14  Spawning Pool  
  17  1:17  Drone  
  17  1:20  Drone  
  18  1:28  Drone  
  19  1:39  Overlord  
  19  2:01  Zergling x2, Queen  
  22  2:04  Metabolic Boost, Queen  
  22  2:07  Zergling x2  
  26  2:08  Drone  
  26  2:12  Drone  
  27  2:17  Drone  
  28  2:29  Drone  
  29  2:30  Overlord  
  29  2:40  Hatchery  
  29  2:41  Drone  
  29  2:50  Drone x2  
  30  2:53  Queen  
  32  2:58  Drone  
  32  3:01  Overlord  
  33  3:09  Overlord  
  33  3:10  Zergling x2  
  34  3:15  Drone  
  34  3:16  Overlord  
  34  3:17  Drone  
  36  3:22  Overlord  
  36  3:27  Drone x2  
  36  3:28  Drone  
  36  3:30  Drone  
  40  3:35  Drone  
  40  3:36  Drone  
  42  3:43  Drone  
  42  3:46  Drone  
  42  3:47  Queen  
  46  3:49  Drone x3  
  46  3:51  Drone  
  46  3:54  Drone  
  51  3:56  Drone  
  51  3:57  Drone  
  52  4:04  Zergling x4, Spine Crawler  
  52  4:05  Zergling x2  
  54  4:12  Drone  
  54  4:14  Roach Warren  
  54  4:15  Drone x2  
  55  4:18  Zergling x2  
  55  4:19  Zergling x2  
  55  4:20  Zergling x2  
  58  4:29  Drone  
  58  4:30  Drone x4  
  58  4:31  Drone  
  64  4:37  Overlord  
  64  4:38  Extractor  
  63  4:39  Drone, Extractor  
  63  4:41  Overlord  
  63  4:45  Overlord  
  62  4:54  Roach  
  62  4:55  Roach x5  
  62  4:59  Overlord x2  
  74  5:03  Overlord  
  72  5:09  Roach, Overlord  
  72  5:10  Overlord  
  74  5:14  Roach, Overlord  
  74  5:20  Roach  
  74  5:21  Roach  
  74  5:23  Roach  
  74  5:25  Roach, Drone x2  
  74  5:26  Drone x2  
  74  5:28  Drone  
  83  5:32  Drone  
  84  5:36  Drone  
  84  5:41  Extractor x2  
  83  5:43  Drone  
  83  5:45  Lair  
  83  5:47  Drone x2  
  83  5:49  Drone  
  87  5:51  Extractor, Hatchery  
  87  5:54  Ravager  
  87  5:56  Drone x2  
  88  5:59  Drone  
  88  6:04  Drone, Spore Crawler  
  90  6:06  Spore Crawler  
  90  6:08  Zergling x2  
  90  6:09  Zergling x2  
  90  6:10  Spore Crawler  
  89  6:11  Drone  
  89  6:12  Zergling x2  
  89  6:16  Drone  
  89  6:17  Drone x3  
  92  6:21  Drone  
  92  6:22  Drone  
  92  6:24  Drone  
  93  6:30  Drone  
  94  6:33  Drone  
  94  6:34  Drone, Ravager  
  94  6:37  Zergling x2  
  94  6:39  Zergling x2  
  99  6:40  Zergling x2  
  99  6:44  Zergling x2  
  99  6:45  Spire  
  99  6:46  Zergling x2, Hydralisk Den  
  100  6:48  Drone  
  100  6:49  Zergling x2  
  100  6:51  Zergling x2  
  100  6:52  Evolution Chamber, Ravager  
  100  6:53  Drone  
  104  6:55  Zergling x2  
  105  7:05  Ravager  
  105  7:06  Zergling x2  
  105  7:07  Glial Reconstitution  
  105  7:09  Drone  
  105  7:10  Zergling x2  
  105  7:12  Drone x2  
  105  7:13  Drone  
  110  7:16  Drone, Lurker Den  
  110  7:19  Hydralisk  
  110  7:22  Hydralisk  
  112  7:24  Zergling x2  
  112  7:25  Zergling x10  
  112  7:27  Ravager  
  112  7:28  Queen  
  112  7:29  Ravager, Queen x3  
  130  7:32  Ravager  
  130  7:33  Zergling x2  
  130  7:34  Zergling x8  
  136  7:39  Overlord x2  
  136  7:40  Overlord  
  136  7:46  Overlord  
  136  7:47  Overlord  
  136  7:58  Zergling x2  
  133  8:00  Hydralisk x3  
  133  8:01  Hydralisk x3  
  133  8:02  Hydralisk x2  
  133  8:04  Zergling x2  
  133  8:05  Zergling x2  
  136  8:06  Hydralisk  
  136  8:11  Zergling x2  
  137  8:15  Zergling x2  
  137  8:16  Queen  
  137  8:17  Zergling x2  
  137  8:19  Zergling x2  
  139  8:25  Hydralisk  
  139  8:26  Zergling x2  
  142  8:27  Ravager  
  142  8:28  Ravager x2  
  142  8:29  Queen x3  
  142  8:30  Zergling x2  
  142  8:33  Zergling x4  
  154  8:36  Zergling x4  
  155  8:42  Zergling x2  
  155  8:43  Lurker  
  155  8:44  Lurker  
  155  8:45  Zergling x14  
  155  8:46  Zergling x4  
  167  8:48  Zergling x2  
  167  8:49  Zergling x2  
  167  9:01  Overlord x2  
  141  9:12  Lurker x3  
  141  9:13  Zergling x2  
  141  9:14  Zergling x2  
  135  9:17  Hydralisk x2  
  135  9:19  Hydralisk  
  130  9:25  Zergling x2  
  130  9:26  Roach x2  
Show
View Real Time Build Order
Export as new Build Order

Rail Protoss - Winner!

Build Orders: 1 Gate Expand 

Get SALT Encoding   

  12  0:00  Probe (Chrono Boost)  
  13  0:11  Probe (Chrono Boost)  
  14  0:17  Pylon  
  14  0:22  Probe (Chrono Boost)  
  16  0:35  Probe (Chrono Boost)  
  16  0:36  Gateway  
  16  0:44  Assimilator  
  16  0:46  Probe (Chrono Boost)  
  17  0:56  Probe (Chrono Boost)  
  18  1:07  Probe (Chrono Boost)  
  19  1:17  Nexus  
  19  1:27  Cybernetics Core  
  19  1:31  Probe (Chrono Boost)  
  20  1:35  Assimilator  
  20  1:41  Probe (Chrono Boost)  
  21  1:48  Pylon  
  21  1:52  Probe (Chrono Boost)  
  22  2:02  Probe (Chrono Boost)  
  22  2:03  Warp Gate  
  22  2:06  Adept  
  25  2:13  Probe (Chrono Boost)  
  26  2:24  Probe (Chrono Boost)  
  26  2:29  Gateway  
  27  2:30  Probe (Chrono Boost)  
  27  2:33  Stalker  
  27  2:34  Probe (Chrono Boost)  
  31  2:41  Probe (Chrono Boost)  
  32  2:46  Probe (Chrono Boost)  
  34  2:51  Probe (Chrono Boost)  
  34  2:57  Gateway  
  35  2:58  Probe (Chrono Boost)  
  35  3:02  Probe (Chrono Boost)  
  35  3:03  Sentry  
  38  3:09  Probe (Chrono Boost)  
  38  3:12  Robotics Facility, Probe (Chrono Boost)  
  40  3:17  Sentry  
  40  3:19  Probe (Chrono Boost)  
  43  3:23  Gateway  
  43  3:26  Probe (Chrono Boost)  
  44  3:30  Probe (Chrono Boost)  
  44  3:32  Pylon  
  45  3:35  Pylon  
  45  3:36  Probe (Chrono Boost)  
  46  3:44  Pylon  
  46  3:50  Probe (Chrono Boost), Assimilator  
  46  3:51  Mothership Core (Chrono Boost)  
  46  3:52  Assimilator  
  49  3:59  Warp Prism  
  49  4:01  Probe (Chrono Boost)  
  52  4:07  Sentry x2, Adept  
  52  4:09  Probe (Chrono Boost)  
  59  4:11  Probe (Chrono Boost)  
  60  4:24  Nexus  
  60  4:25  Probe (Chrono Boost)  
  60  4:28  Pylon  
  60  4:30  Sentry  
  63  4:32  Adept  
  63  4:35  Adept  
  67  4:38  Zealot  
  67  4:40  Observer  
  70  4:47  Probe x2 (Chrono Boost)  
  70  4:51  Pylon  
  72  4:56  Sentry, Zealot x2  
  78  5:09  Zealot, Probe (Chrono Boost)  
  79  5:18  Stalker x2  
  79  5:20  Probe (Chrono Boost)  
  79  5:21  Probe (Chrono Boost)  
  83  5:33  Probe x2 (Chrono Boost)  
  83  5:35  Immortal  
  85  5:38  Robotics Bay  
  89  5:44  Probe x3 (Chrono Boost)  
  93  5:57  Probe (Chrono Boost)  
  93  5:59  Probe x2 (Chrono Boost)  
  93  6:01  Pylon  
  93  6:02  Pylon  
  93  6:03  Pylon  
  95  6:05  Pylon  
  95  6:08  Probe (Chrono Boost)  
  95  6:09  Immortal  
  95  6:10  Probe (Chrono Boost)  
  101  6:19  Probe (Chrono Boost)  
  101  6:21  Probe (Chrono Boost)  
  101  6:22  Probe (Chrono Boost)  
  100  6:26  Gateway  
  100  6:27  Gateway  
  100  6:29  Gateway x2  
  100  6:30  Probe (Chrono Boost)  
  100  6:32  Sentry x2  
  106  6:33  Probe (Chrono Boost)  
  106  6:35  Stalker  
  106  6:37  Pylon  
  106  6:39  Stalker  
  110  6:43  Pylon, Disruptor  
  110  6:45  Assimilator  
  110  6:47  Assimilator  
  110  6:53  Pylon  
  113  6:56  Stalker x2  
  113  6:58  Stalker  
  119  7:05  Stalker  
  121  7:14  Disruptor  
  121  7:15  Pylon x2  
  121  7:17  Stalker x2  
  128  7:24  Stalker x4  
  128  7:26  Stalker  
  138  7:31  Stalker  
  140  7:40  Stalker  
  140  7:41  Stalker  
  144  7:47  Adept x2  
  144  7:48  Adept x2  
  144  7:49  Stalker  
  154  7:58  Disruptor  
  148  8:06  Zealot x2  
  148  8:07  Zealot  
  148  8:08  Stalker x2  
  148  8:09  Zealot x2  
  162  8:15  Stalker  
  162  8:27  Stalker x3  
  162  8:31  Stalker  
  162  8:33  Pylon  
  170  8:34  Pylon  
  170  8:38  Stalker  
  172  8:44  Pylon  
  172  8:57  Stalker x4  
  172  8:58  Stalker x3  
  186  9:09  Observer  
  176  9:20  Stalker x2, Zealot x2  
  176  9:21  Zealot x3  

Tags
 
Add a new tag
Caveats
  • Supply blocks, unpowered buildings, or Contaminate may cause inaccurate times.
  • Supply counts are checked every 10 seconds.